 Dungeon Crawl Stone Soup version 0.32-a0-18-g89e19f1974 (webtiles) character file.

Game seed: 6972165802048349632

21 DApurpleWHUMPUS the Magician (level 2, -1/16 HPs)
             Began as a Deep Elf Air Elementalist on Jan 16, 2024.
             Killed by their own static electricity (3 damage)
             ... on level 2 of the Dungeon.
             The game lasted 00:03:14 (1265 turns).

DApurpleWHUMPUS the Magician (DEAE)                 Turns: 1265, Time: 00:03:14

Health: -1/16      AC:  2    Str: 11    XL:     2   Next: 62%
Magic:  0/8        EV: 13    Int: 19    God:
Gold:   73         SH:  0    Dex: 15    Spells: 4/7 levels left

rFire   . . .        (no weapon)
rCold   . . .        (no shield)
rNeg    . . .        a - +0 robe
rPois   .            (no helmet)
rElec   .            (no cloak)
rCorr   .            (no gloves)
SInv    .            (no boots)
Will    .....        (no amulet)
Stlth   ++           e - +6 ring of strength
HPRegen 0.22/turn    (no ring)
MPRegen 0.11/turn

%: no passive effects
@: very slightly contaminated
A: no striking features
a: no special abilities


You were on level 2 of the Dungeon.
You visited 1 branch of the dungeon, and saw 2 of its levels.

You collected 73 gold pieces.

Inventory:

Armour
 a - a +0 robe (worn)
Jewellery
 e - a +6 ring of strength (left hand)
Scrolls
 c - 3 scrolls of identify {unknown}
 d - 2 scrolls of blinking {unknown}
Potions
 b - a potion of magic


   Skills:
 * Level 1.0 Fighting
 + Level 2.7 Dodging
 - Level 2.4 Stealth
 + Level 3.2 Spellcasting
 + Level 1.5 Conjurations
 + Level 3.1 Air Magic


You had 4 spell levels left.
You knew the following spells:

 Your Spells              Type           Power      Damage    Failure   Level
a - Shock                 Conj/Air       48%        1d6       6%          1
b - Static Discharge      Conj/Air       24%        3-4/arc   9%          2

Your spell library contained the following spells:

 Spells                   Type           Power      Damage    Failure   Level
 Swiftness                Air            15%        N/A       12%         3
 Airstrike                Air            7%         2d(2-18)  38%         4


Dungeon Overview and Level Annotations

Branches:
Dungeon (2/15)

Altars:


Message History

You climb downwards.
The quokka bites you. The frilled lizard bites you.
The goblin barely misses you. The quokka bites you.
There is a stone staircase leading up here.
Casting: Shock (safe; 6% risk of failure)
Confirm with . or Enter, or press ? or * to list all spells.
The frilled lizard is struck by an arc of lightning.
You kill the frilled lizard!
You are struck by an arc of lightning.
The lightning grounds out.
The goblin hits you but does no damage. The quokka bites you.
Casting: Static Discharge (safe; 9% risk of failure)
Confirm with . or Enter, or press ? or * to list all spells.
You miscast Static Discharge.
You are very lightly contaminated with residual magic.
Nothing appears to happen.
The goblin hits you but does no damage. The quokka closely misses you.
Casting: Static Discharge (safe; 9% risk of failure)
Confirm with . or Enter, or press ? or * to list all spells.
The quokka is struck by an arc of lightning.
The quokka is severely wounded.
You are struck by an arc of lightning.
The lightning grounds out.
The quokka bites you.
* * * LOW HITPOINT WARNING * * *
The goblin hits you but does no damage.
Okay, then.
Found a stone staircase leading down.
You see here a frilled lizard corpse.
Found 5 gold pieces.
The quokka attacks as it pursues you! The quokka bites you.
* * * LOW HITPOINT WARNING * * *
The quokka misses you.
Casting: Static Discharge (safe; 9% risk of failure)
Confirm with . or Enter, or press ? or * to list all spells.
Okay, then.
Found a stone staircase leading down.
Casting: Static Discharge (safe; 9% risk of failure)
Confirm with . or Enter, or press ? or * to list all spells.
The goblin is struck by an arc of lightning.
The goblin is severely wounded.
You are struck by an arc of lightning.
You die...

... .. .... ...##.
#... ##
....#.###..# ... .
...........##... >.
...................
...................
................$..
.......<..###..>...
......#.†.g@....#
..#.. #(.#r.....#
#. ##......).# ..
###......# ..
.......# .
##......# #......#
.......#


You could see a quokka and a goblin.

Vanquished Creatures
  A dart slug (D:1)
  3 bats (D:1)
  2 hobgoblins (D:1)
  2 kobolds (D:1)
  4 ball pythons (D:1)
  4 frilled lizards
  3 goblins (D:1)
19 creatures vanquished.

Notes
Turn   | Place    | Note
-------+----------+-------------------------------------------
     0 | D:1      | DApurpleWHUMPUS the Deep Elf Air Elementalist began the
                  | quest for the Orb.
     0 | D:1      | Reached XP level 1. HP: 10/10 MP: 6/6
   193 | D:1      | Found a faded altar of an unknown god.
   320 | D:1      | Reached XP level 2. HP: 10/16 MP: 0/8
  1022 | D:1      | Reached skill level 1 in Fighting
  1230 | D:1      | Learned a level 2 spell: Static Discharge
  1265 | D:2      | Killed from afar by themself

Illustrated notes

Levels and vault maps discovered:
D:1:      wander_arrival_chamber, layout_basic,
          shapermc_ecumenical_altar_mp_ritualfount, minmay_pentomino_o2
D:2:      layout_rooms

Skill      XL: |  1  2 |
---------------+-------+-----
Fighting       | 1 |  1.0
Dodging        | |  2.7
Stealth        | |  2.4
Spellcasting   | |  3.2
Conjurations   | |  1.5
Air Magic      | |  3.1

Action                     || total
---------------------------++-------
  Melee: Unarmed           ||     2
   Cast: Shock             ||    38
         Static Discharge  ||     2
 Armour: Robe              ||    18
  Dodge: Dodged            ||    17

Table legend: (Time is in decaauts)
 A = Elapsed time spent in this place.
 B = Non-inter-level travel time spent in this place.
 C = Inter-level travel time spent in this place.
 D = Time resting spent in this place.
 E = Time spent auto-exploring this place.
 F = Levels seen in this place.
 G = Mean time per level.
                   A        B        C        D        E       F      G
               +--------+--------+--------+--------+--------+-----+--------+
         Total |   1265 |   1187 |     78 |    268 |    794 |   2 |  632.5 |
       Dungeon |   1265 |   1187 |     78 |    268 |    794 |   2 |  632.5 |
               +--------+--------+--------+--------+--------+-----+--------+

Top non-repeatable levels by time:
     D:1: 1255 daAuts
     D:2: 10 daAuts
